 Dungeon Crawl Stone Soup version 0.20.0-8-g6b59dc7 (webtiles) character file.

1614 JarielCorvus the Thaumaturge (level 8, -4/41 HPs)
             Began as a Deep Elf Venom Mage on May 31, 2017.
             Killed from afar by JarielCorvus's ghost (19 damage)
             ... with an orb of energy
             ... on level 5 of the Dungeon.
             The game lasted 00:23:50 (4976 turns).

JarielCorvus the Thaumaturge (Deep Elf Venom Mage)  Turns: 4976, Time: 00:23:51

Health: -4/41      AC:  2    Str:  5    XL:     8   Next: 64%
Magic:  22/24      EV: 13    Int: 23    God:
Gold:   193        SH:  4    Dex: 15    Spells: 12/27 levels left

rFire    . . .     SeeInvis .   n - +3 trident (protect)
rCold    . . .     Gourm    .   (no shield)
rNeg     . . .     Faith    .   a - +0 robe
rPois    .         Spirit   .   (no helmet)
rElec    .         Reflect  +   (no cloak)
rCorr    .         Harm     .   (no gloves)
MR       .....                  (no boots)
Stlth    ++........             h - +4 amulet of reflection
Regen    0.2/turn               (no ring)
MPRegen  0.2/turn               (no ring)

@: about to teleport
A: no striking features
a: no special abilities


You were on level 5 of the Dungeon.
You were not hungry.

You visited 1 branch of the dungeon, and saw 5 of its levels.

You collected 193 gold pieces.

Inventory:

Hand Weapons
 n - a +3 trident of protection (weapon)
Armour
 a - a +0 robe (worn)
 k - a +0 robe
Jewellery
 h - a +4 amulet of reflection (around neck)
 l - an uncursed amulet of guardian spirit
Scrolls
 d - a scroll of silence {unknown}
 e - a scroll of remove curse
 f - a scroll of enchant armour {unknown}
 g - a scroll of acquirement {unknown}
 j - a scroll of teleportation
Potions
 p - 3 potions of brilliance {unknown}
Books
 b - a Young Poisoner's Handbook

   Spells                             Type                      Level
   a - Sting                          Conjuration/Poison           1
   b - Poisonous Vapours              Poison/Air                   2
   c - Mephitic Cloud                 Conjuration/Poison/Air       3
   d - Olgreb's Toxic Radiance        Poison                       4
   e - Venom Bolt                     Conjuration/Poison           5
Comestibles
 i - 2 bread rations
 m - a meat ration
 o - 2 royal jellies


   Skills:
 - Level 2.4 Dodging
 - Level 2.4 Stealth
 - Level 10.0 Spellcasting
 * Level 6.3 Conjurations
 + Level 2.0 Air Magic
 + Level 6.6 Poison Magic


You had 12 spell levels left.
You knew the following spells:

 Your Spells              Type           Power        Failure   Level  Hunger
a - Sting                 Conj/Pois      ####         1%          1    None
b - Poisonous Vapours     Pois/Air       ####..       1%          2    None
c - Mephitic Cloud        Conj/Pois/Air  ####....     2%          3    None
d - Olgreb's Toxic Radia  Pois           #####...     3%          4    #......
e - Venom Bolt            Conj/Pois      #####.....   11%         5    ####...


Dungeon Overview and Level Annotations

Branches:
Dungeon (5/15)
 Temple: D:4-7

Altars:

Shops:
D:4 *

Annotations:
D:5 JarielCorvus's ghost, novice DECj


Message History

Your weapon exudes an aura of protection.
JarielCorvus's ghost hits you.
JarielCorvus's ghost points at you and mumbles some strange words.
The magic dart hits you!
You closely miss JarielCorvus's ghost.
You block JarielCorvus's ghost's attack.
You completely miss JarielCorvus's ghost.
JarielCorvus's ghost laughs crazily.
You block JarielCorvus's ghost's attack.
You miss JarielCorvus's ghost.
JarielCorvus's ghost gestures at you while chanting.
The magic dart hits you!
JarielCorvus's ghost completely misses you.
As you read the scroll of teleportation, it crumbles to dust.
You feel strangely unstable. JarielCorvus's ghost hits you.
* * * LOW HITPOINT WARNING * * *
You feel better.
JarielCorvus's ghost points at you and mumbles some strange words.
The orb of energy hits you!
You die...

.......[....# ............
######## ........... .......#
..........# .......# ..........#
.......# ........# .... .......#
#####.....# ..... .......#
....'.W@..# ...# ........
....#.....#######...##. ........
. #...)..........♣...
.......#######............≈≈≈.#
########.................#≈≈≈#
.........................'≈≈≈#
.....(...............(...#♣..#...
..............).....#####........
....................# #........


You could see JarielCorvus's ghost.

Vanquished Creatures
  Pikel (D:4)
  A wyvern (D:4)
  Sigmund (D:2)
  Eustachio (D:5)
  2 ogres
  A crocodile (D:5)
  A centaur (D:5)
  An orc priest (D:3)
  An iguana (D:4)
  A worker ant (D:4)
  A worker ant zombie (D:5)
  Robin (D:2)
  8 gnolls
  5 adders
  11 river rats (D:4)
  A shadow imp (D:5)
  An adder skeleton (D:5)
  3 worms
  2 dart slugs (D:1)
  7 leopard geckos
  3 orcs (D:3)
  4 giant cockroaches
  16 goblins
  14 hobgoblins
  6 bats
  A frilled lizard (D:2)
  A jackal skeleton (D:4)
  5 kobolds
  23 rats
124 creatures vanquished.

Vanquished Creatures (others)
  A slave (D:4)
  A hound (D:4)
  An adder (D:4)
  An orc (D:4)
  A goblin (D:2)
5 creatures vanquished.

Grand Total: 129 creatures vanquished

Notes
Turn   | Place    | Note
-------+----------+-------------------------------------------
     0 | D:1      | JarielCorvus the Deep Elf Venom Mage began the quest for the Orb.
     0 | D:1      | Reached XP level 1. HP: 10/10 MP: 6/6
   160 | D:1      | Reached XP level 2. HP: 15/15 MP: 3/8
   164 | D:1      | Learned a level 2 spell: Poisonous Vapours
   429 | D:1      | Reached skill level 4 in Spellcasting
   753 | D:2      | Reached XP level 3. HP: 19/19 MP: 5/10
  1073 | D:2      | Reached XP level 4. HP: 24/24 MP: 9/12
  1078 | D:2      | Learned a level 3 spell: Mephitic Cloud
  1083 | D:2      | Learned a level 4 spell: Olgreb's Toxic Radiance
  1164 | D:2      | Noticed Sigmund
  1351 | D:2      | Killed Sigmund
  1351 | D:2      | Reached skill level 6 in Spellcasting
  1351 | D:2      | Reached XP level 5. HP: 24/28 MP: 1/15
  1506 | D:2      | Noticed Robin
  1697 | D:2      | Killed Robin
  1834 | D:2      | Reached XP level 6. HP: 31/32 MP: 11/17
  1841 | D:2      | Learned a level 5 spell: Venom Bolt
  2791 | D:3      | Reached skill level 7 in Spellcasting
  3426 | D:4      | Noticed a wyvern
  3442 | D:4      | Killed a wyvern
  3442 | D:4      | Reached skill level 5 in Poison Magic
  3442 | D:4      | Reached XP level 7. HP: 36/36 MP: 7/20
  3570 | D:4      | Reached skill level 8 in Spellcasting
  3668 | D:4      | Noticed Pikel
  3678 | D:4      | Killed Pikel
  3678 | D:4      | Reached skill level 9 in Spellcasting
  3678 | D:4      | Reached skill level 5 in Conjurations
  3678 | D:4      | Reached XP level 8. HP: 41/41 MP: 8/23
  3786 | D:4      | Found Timarusch's Assorted Antiques.
  4266 | D:5      | Entered Level 5 of the Dungeon
  4266 | D:5      | Noticed JarielCorvus's ghost (novice DECj)
  4360 | D:5      | Reached skill level 10 in Spellcasting
  4528 | D:5      | Noticed Eustachio
  4542 | D:5      | Killed Eustachio
  4542 | D:5      | Reached skill level 1 in Air Magic
  4976 | D:5      | Killed from afar by JarielCorvus's ghost

Skill      XL: |  1  2  3  4  5  6  7  8 |
---------------+-------------------------+-----
Spellcasting   | 4 6 7 9 10 | 10.0
Conjurations   | 2 3 5 6 |  6.3
Poison Magic   | 4 5 6 |  6.6
Air Magic      | 2 |  2.0
Dodging        | |  2.4
Stealth        | |  2.4

Action                   |  1- 3 |  4- 6 |  7- 9 || total
-------------------------+-------+-------+-------++-------
Melee: Unarmed           |     1 |     4 |       ||     5
       Dagger            |       |     3 |       ||     3
       Trident           |       |     4 |    58 ||    62
 Cast: Sting             |    25 |    63 |    64 ||   152
       Poisonous Vapours |    26 |    75 |    19 ||   120
       Mephitic Cloud    |       |     3 |     3 ||     6
       Venom Bolt        |       |     1 |       ||     1
  Use: Scroll            |     3 |     5 |     3 ||    11
       Potion            |       |     5 |     2 ||     7
  Eat: Bread ration      |       |     1 |       ||     1
       Chunk             |       |     4 |     2 ||     6
       Meat ration       |       |       |     1 ||     1
Armor: Robe              |     1 |     6 |    14 ||    21
Dodge: Dodged            |     2 |    31 |    44 ||    77
Block: Other             |       |     4 |    13 ||    17
       Reflection        |       |     1 |       ||     1
